 Dungeon Crawl Stone Soup version 0.30-a0-879-ga8ba668304 (webtiles) character file.

Game seed: 12802793815541635391

241 cforsyth the Chopper (level 6, -2/43 HPs)
             Began as a Barachi Fighter on Mar 13, 2023.
             Killed by divine providence
             ... invoked by an orc priest
              (11 damage)
             ... on level 3 of the Dungeon.
             The game lasted 00:03:06 (2034 turns).

cforsyth the Chopper (Barachi Fighter)              Turns: 2034, Time: 00:03:07

Health: -2/43      AC: 10    Str: 19    XL:     6   Next: 8%
Magic:  6/6        EV:  7    Int:  8    God:
Gold:   98         SH:  4    Dex: 12    Spells: 5/5 levels left

rFire   . . .      SeeInvis +    t - +3 hand axe (freeze)
rCold   . . .      Faith    .    c - +0 buckler
rNeg    . . .      Spirit   .    q - +0 chain mail
rPois   .          Reflect  .    (helmet restricted)
rElec   .          Rampage  .    p - +0 cloak
rCorr   .                        (no gloves)
Will    .....                    (no boots) Stlth
                                 (no amulet)
HPRegen 0.27/turn                (no ring)
MPRegen 0.10/turn                (no ring)

@: mighty, brilliant, attractive, slow
A: amphibious, slowness 1, strong legs 1, +LOS, antennae 1, see invisible, frail
1, evolution 1
a: Hop


You were on level 3 of the Dungeon.
You visited 1 branch of the dungeon, and saw 3 of its levels.

You collected 98 gold pieces.

Inventory:

Hand Weapons
 a - a +0 war axe
 t - a +3 hand axe of freezing (weapon)
Armour
 b - a +0 scale mail
 c - a +0 buckler (worn)
 p - a +0 cloak (worn)
 q - a +0 chain mail (worn)
Scrolls
 e - 3 scrolls of torment {unknown}
 f - 2 scrolls of teleportation {unknown}
 i - 2 scrolls of identify {unknown}
 l - a scroll of blinking {unknown}
 n - 2 scrolls of enchant armour {unknown}
 r - a scroll of noise {unknown}
 s - 2 scrolls of enchant weapon {unknown}
 u - a scroll of summoning {unknown}
 v - a scroll of immolation {unknown}
 w - a scroll of magic mapping {unknown}
Potions
 g - a potion of flight
 k - a potion of curing
 m - a potion of mutation


   Skills:
 - Level 3.8 Fighting
 + Level 6.5 Axes
 - Level 3.8 Armour
 - Level 3.4 Shields


You had 5 spell levels left.
You didn't know any spells.
Your spell library contained the following spells:

 Spells                   Type           Power      Damage    Failure   Level
 Beastly Appendage        Tmut           0%         N/A       100%        1
 Wereblood                Tmut           0%         N/A       100%        2
 Spider Form              Tmut/Pois      0%         N/A       100%        3
 Vhi's Electric Charge    Tloc/Air       0%         N/A       100%        3
 Arcjolt                  Conj/Air       0%         1d10      100%        5
 Maxwell's Capacitive Co  Air            0%         ∞         100%        8


Dungeon Overview and Level Annotations

Branches:
Dungeon (3/15)

Altars:
Hepliaklqana


Innate Abilities, Weirdness & Mutations

You are amphibious.
You cover ground slowly.
You can hop short distances.
You have an extended range of vision and can be seen from far away.
You have a pair of small antennae on your head.
You have supernaturally acute eyesight. (SInv)
You are frail. (-10% HP)
You have hidden genetic potential.


Message History

You are too injured to fight recklessly!
You are too injured to fight recklessly!
You are too injured to fight recklessly!
You are too injured to fight recklessly!
You are too injured to fight recklessly!
You are too injured to fight recklessly!
You are too injured to fight recklessly!
You hit the orc priest. You freeze the orc priest.
The orc priest is severely wounded.
You block the orc priest's attack.
You hit the orc priest but do no damage.
The orc priest is severely wounded.
The orc priest mumbles some strange prayers to Beogh against you.
Beogh smites you!
* * * LOW HITPOINT WARNING * * *
You closely miss the orc priest.
The orc priest is severely wounded.
You block the orc priest's attack.
It was a potion of mutation.
You feel extremely strange.
You feel a hidden potential growing inside you.
A pair of antennae grows on your head!
You feel frail.
Your vision sharpens.
The orc priest hits you with a +1 vampiric hand axe.
* * * LOW HITPOINT WARNING * * *
The orc priest draws strength from your wounds!
It was a potion of brilliance.
You feel clever all of a sudden. You block the orc priest's attack.
It was a potion of attraction.
You feel attractive to monsters. You block the orc priest's attack.
It was a potion of magic.
Magic courses through your body. The orc priest closely misses you.
You feel better. You block the orc priest's attack.
You feel very mighty all of a sudden.
The orc priest hits you but does no damage.
You barely miss the orc priest.
The orc priest is heavily wounded.
The orc priest calls down the wrath of Beogh upon you.
Beogh smites you!
You die...

...#.............#
...#.#...........#
...).#...........#
######...........#
.................#
.#####...........#
.# #...........#
.# #.#########.#
.# #.# #@# .# #.#
#o# .# #.# #o# .#
#.# #o# .# #.# #S#
.# #># #.# .# #.#
#.# .# #.# #.# .#
#.# #.#


You could see an orc priest, an orc wizard, an adder and an orc.

Vanquished Creatures
  Jessica (D:3)
  2 orc wizards (D:3)
  6 adders
  A shadow imp (D:3)
  6 dart slugs
  9 orcs (D:3)
  5 ball pythons
  10 endoplasms
  4 giant cockroaches
  11 goblins
  4 hobgoblins
  3 kobolds (D:1)
  A quokka (D:3)
  8 bats
  3 frilled lizards
  10 rats
84 creatures vanquished.

Vanquished Creatures (others)
  2 plants (D:2)
2 creatures vanquished.

Grand Total: 86 creatures vanquished

Notes
Turn   | Place    | Note
-------+----------+-------------------------------------------
     0 | D:1      | cforsyth the Barachi Fighter began the quest for the Orb.
     0 | D:1      | Reached XP level 1. HP: 18/18 MP: 1/1
   161 | D:1      | Reached XP level 2. HP: 25/25 MP: 2/2
   301 | D:1      | Reached skill level 3 in Axes
   468 | D:1      | Reached XP level 3. HP: 28/30 MP: 3/3
   853 | D:2      | Found a faded altar of an unknown god.
   859 | D:2      | Reached skill level 4 in Axes
   888 | D:2      | Reached XP level 4. HP: 37/37 MP: 4/4
   980 | D:2      | Found a hazy altar of Hepliaklqana.
   987 | D:2      | Identified the +6 hand axe "Ituizap" {venom, *Slow rC+
                  | Int-3 Dex+5}
  1220 | D:2      | Reached skill level 5 in Axes
  1399 | D:3      | Reached XP level 5. HP: 35/42 MP: 5/5
  1515 | D:3      | Noticed Jessica
  1526 | D:3      | Killed Jessica
  1527 | D:3      | Reached skill level 6 in Axes
  1548 | D:3      | HP: 1/42 [orc/+0 club (3)]
  1554 | D:3      | Reached XP level 6. HP: 12/48 MP: 6/6
  2028 | D:3      | Gained mutation: You have hidden genetic potential. [potion
                  | of mutation]
  2028 | D:3      | Gained mutation: You have a pair of small antennae on your
                  | head. [potion of mutation]
  2028 | D:3      | Gained mutation: You are frail. (-10% HP) [potion of
                  | mutation]
  2028 | D:3      | Gained mutation: You have supernaturally acute eyesight.
                  | (SInv) [potion of mutation]
  2028 | D:3      | HP: 1/43 [orc priest/+1 vampiric hand axe (5)]
  2034 | D:3      | Killed from afar by an orc priest

Illustrated notes

Levels and vault maps discovered:
D:1:      dpeg_arrival_arbitrary_b, layout_basic, st_stairs_5, hex_large,
          dk_noncrumbling_3, hangedman_decor_slide_cut, minmay_tetromino_s2
D:2:      kennysheep_the_goblin_king, layout_rooms, basic_altar,
          shapermc_ecumenical_altar_mp_ritualfount
D:3:      lemuel_castle_with_subvaults [lemuel_castle_interior_original],
          layout_basic, minmay_misc_feat_plants, uniq_jessica

Skill      XL: |  1  2  3  4  5 |
---------------+----------------+-----
Axes           | 3 4 5 6 |  6.5
Fighting       | |  3.8
Armour         | |  3.8
Shields        | |  3.4

Action                     |  1- 3 |  4- 6 || total
---------------------------+-------+-------++-------
  Melee: War axe           |    81 |   104 ||   185
         Hand axe          |       |    15 ||    15
    Use: Potion            |       |     8 ||     8
 Armour: Scale mail        |    44 |    31 ||    75
         Chain mail        |       |    46 ||    46
  Dodge: Dodged            |    36 |    63 ||    99
  Block: Buckler           |    25 |    40 ||    65

Table legend: (Time is in decaauts)
 A = Elapsed time spent in this place.
 B = Non-inter-level travel time spent in this place.
 C = Inter-level travel time spent in this place.
 D = Time resting spent in this place.
 E = Time spent auto-exploring this place.
 F = Levels seen in this place.
 G = Mean time per level.
                   A        B        C        D        E       F      G
               +--------+--------+--------+--------+--------+-----+--------+
         Total |   2380 |   2228 |    152 |      0 |   1709 |   3 |  793.3 |
       Dungeon |   2380 |   2228 |    152 |      0 |   1709 |   3 |  793.3 |
               +--------+--------+--------+--------+--------+-----+--------+

Top non-repeatable levels by time:
     D:1: 936 daAuts
     D:3: 734 daAuts
     D:2: 709 daAuts
